[Event "Istanbul Open 2017"]
[Site "Istanbul"]
[Date "2017.09.11"]
[Round "1"]
[White "Iyti, Basher"]
[Black "Bai, Bashar"]
[Result "1-0"]
[ECO "D02"]
[WhiteElo "2303"]
[BlackElo "1918"]
[Annotator "RC"]
[PlyCount "95"]
[EventDate "2017.??.??"]
[EventType "swiss"]
[EventCountry "TUR"]
[SourceTitle "playchess.com"]
[Source "ChessBase"]
[SourceQuality "1"]
[TimeControl "5400+30"]

1. d4 d5 2. Nf3 Nf6 3. Bg5 c6 4. c3 Bf5 5. Nbd2 Nbd7 6. Nh4 Bg6 7. Nxg6 hxg6 8. Qc2 Qc7 9. g3 e6 10. Bg2 c5 11. Qb3 Qb6 12. O-O Nh7 13. Bf4 g5 14. Be3 Be7 15. Qa4 Qc6 16. Qd1 c4 17. b3 b5 18. a4 Nb6 19. axb5 Qxb5 20. bxc4 Nxc4 21. Nxc4 Qxc4 22. Bd2 O-O 23. e4 Rfd8 24. Re1 Qc7 25. exd5 exd5 26. c4 dxc4 27. Ba5 Qd7 28. Qe2 Bf6 29. Bxa8 Rxa8 30. Qxc4 g4 31. Qa4 Qd5 32. Re8+ Nf8 33. Bb4 Bxd4 34. Rf1 Rxe8 35. Qxe8 Bc5 36. Bxc5 Qxc5 37. Ra1 Qd4 38. Qa4 Ne6 39. Qxd4 Nxd4 40. Rxa7 Nf3+ 41. Kg2 Ne1+ 42. Kh1 Nf3 43. Ra4 Ne5 44. Kg2 g6 45. Re4 f6 46. h3 gxh3+ 47. Kxh3 g5 48. Rxe5 1-0

[Event "Istanbul Open 2017"]
[Site "Istanbul"]
[Date "2017.09.11"]
[Round "1"]
[White "Seyit, Ersel"]
[Black "Goktas, Ibrahim Can"]
[Result "1/2-1/2"]
[ECO "C56"]
[WhiteElo "1736"]
[BlackElo "1405"]
[Annotator "NA RC"]
[PlyCount "74"]
[EventDate "2017.??.??"]
[EventType "swiss"]
[EventCountry "TUR"]
[SourceTitle "playchess.com"]
[Source "ChessBase"]
[SourceQuality "1"]
[TimeControl "5400+30"]

1. e4 e5 2. Nf3 Nc6 3. d4 exd4 4. Bc4 Nf6 5. O-O d5 6. exd5 Nxd5 7. Re1+ Be7 8. Nxd4 O-O 9. Bxd5 Qxd5 10. Nxc6 Qxc6 11. Rxe7 Be6 12. Rxe6 Qxe6 13. Be3 Rad8 14. Qe2 f5 15. Nc3 Rfe8 16. Qf3 b6 17. h3 h6 18. Rd1 Rxd1+ 19. Qxd1 c6 20. Qd4 g5 21. g3 Re7 22. Kh2 Rd7 23. Qa4 Qd6 24. Qc4+ Kg7 25. Ne2 c5 26. Nc3 Qe5 27. Qe2 Re7 28. Qf3 Rf7 29. Qd5 Qe7 30. Bd2 Qe8 31. Nb1 Qe2 32. Bc3+ Kg8 33. Kg2 f4 34. Nd2 fxg3 35. Qa8+ Rf8 36. Qd5+ Rf7 37. Qd8+ Rf8 1/2-1/2

[Event "Istanbul Open 2017"]
[Site "Istanbul"]
[Date "2017.09.11"]
[Round "1"]
[White "Satici, Aydin"]
[Black "Sarikaya, Eser"]
[Result "1-0"]
[ECO "A01"]
[WhiteElo "1726"]
[BlackElo "1346"]
[Annotator "NA RC"]
[PlyCount "75"]
[EventDate "2017.??.??"]
[EventType "swiss"]
[EventCountry "TUR"]
[SourceTitle "playchess.com"]
[Source "ChessBase"]
[SourceQuality "1"]
[TimeControl "5400+30"]

1. b3 e5 2. Bb2 Nc6 3. e3 d6 4. c4 Nf6 5. d4 exd4 6. exd4 d5 7. Nf3 Bb4+ 8. Nbd2 O-O 9. Be2 Ne4 10. Rc1 Bg4 11. O-O Nxd2 12. Nxd2 Bxe2 13. Qxe2 Re8 14. Qd3 dxc4 15. bxc4 Ne5 16. Qc2 Ng4 17. Nf3 Bd6 18. h3 Nf6 19. Rfe1 c6 20. Rcd1 Rxe1+ 21. Rxe1 Qd7 22. Ne5 Re8 23. Bc3 Qc7 24. Qf5 c5 25. d5 Bxe5 26. Bxe5 Qd8 27. Re3 Nd7 28. Qf4 Nxe5 29. Rxe5 Kf8 30. Rxe8+ Kxe8 31. Qe5+ Kd7 32. Qxg7 Qe7 33. Qg4+ Kc7 34. Qg3+ Qd6 35. Qf3 Qe7 36. Qf4+ Kd7 37. Kf1 a6 38. Qb8 1-0

[Event "Istanbul Open 2017"]
[Site "Istanbul"]
[Date "2017.09.11"]
[Round "1"]
[White "Demir, Aleyna"]
[Black "Yapici, Mustafa"]
[Result "1/2-1/2"]
[ECO "B02"]
[WhiteElo "1415"]
[BlackElo "1730"]
[Annotator "NA RC"]
[PlyCount "104"]
[EventDate "2017.??.??"]
[EventType "swiss"]
[EventCountry "TUR"]
[SourceTitle "playchess.com"]
[Source "ChessBase"]
[SourceQuality "1"]
[TimeControl "5400+30"]

1. e4 Nf6 2. Nc3 d5 3. e5 Ne4 4. d4 Nxc3 5. bxc3 e6 6. Nf3 b6 7. g3 Ba6 8. Bxa6 Nxa6 9. Qd3 Nb8 10. O-O Be7 11. Be3 O-O 12. Nd2 c5 13. f4 c4 14. Qe2 Qd7 15. g4 f5 16. Rf2 Nc6 17. Rg2 Ba3 18. Rf1 b5 19. Nb1 Be7 20. gxf5 Rxf5 21. Qg4 Bf8 22. Nd2 Qf7 23. Nf3 Be7 24. h4 b4 25. cxb4 Nxb4 26. a3 Nc6 27. Kh1 Rb8 28. Rfg1 Bf8 29. Ng5 Qe8 30. Nf3 Rb7 31. Qh3 Bxa3 32. Rg5 Rxg5 33. Nxg5 Nd8 34. f5 exf5 35. Qxf5 g6 36. Qf3 Rd7 37. h5 Ne6 38. Nh3 Bf8 39. Qg2 Bg7 40. hxg6 hxg6 41. Qxg6 Qxg6 42. Rxg6 Kf7 43. Rg1 a5 44. Ng5+ Nxg5 45. Bxg5 a4 46. Bc1 Ra7 47. Ba3 Ra6 48. Rf1+ Ke6 49. Rg1 Kf7 50. Rf1+ Ke6 51. Rg1 Kf7 52. Rf1+ Ke6 1/2-1/2

[Event "Istanbul Open 2017"]
[Site "Istanbul"]
[Date "2017.09.11"]
[Round "1"]
[White "Bogaz, Mustafa"]
[Black "Eken, Atakan"]
[Result "1/2-1/2"]
[ECO "D37"]
[WhiteElo "1392"]
[BlackElo "1728"]
[Annotator "NA RC"]
[PlyCount "97"]
[EventDate "2017.??.??"]
[EventType "swiss"]
[EventCountry "TUR"]
[SourceTitle "playchess.com"]
[Source "ChessBase"]
[SourceQuality "1"]
[TimeControl "5400+30"]

1. c4 Nf6 2. Nc3 e6 3. d4 d5 4. Bf4 c6 5. e3 Be7 6. Nf3 b6 7. cxd5 exd5 8. Qa4 Bb7 9. Ne5 O-O 10. Rc1 Nh5 11. Bg3 f6 12. Nd3 Nxg3 13. hxg3 Nd7 14. Nf4 Rf7 15. Ne6 Qb8 16. Bd3 g6 17. Qc2 Nf8 18. Nf4 Rg7 19. Kd2 Qd6 20. Rh6 Kf7 21. Rch1 c5 22. Rxh7 Nxh7 23. Bxg6+ Kf8 24. Bxh7 Bd8 25. Bf5 Ke7 26. Ng6+ Kf7 27. Rh8 Bc7 28. Qd1 Rxh8 29. Nxh8+ Ke7 30. Ng6+ Kd8 31. Nb5 Qc6 32. Nxa7 Qe8 33. Qb3 Rxg6 34. Bxg6 Qxg6 35. dxc5 f5 36. cxb6 Bxb6 37. Nb5 Ba5+ 38. Nc3 Kc8 39. Kc1 Qc6 40. Qc2 Kb8 41. Qxf5 Bxc3 42. bxc3 Qxc3+ 43. Qc2 Qe1+ 44. Kb2 Qb4+ 45. Qb3 Qd2+ 46. Qc2 Qb4+ 47. Ka1 Qe1+ 48. Kb2 Qb4+ 49. Ka1 1/2-1/2

[Event "Istanbul Open 2017"]
[Site "Istanbul"]
[Date "2017.09.11"]
[Round "1"]
[White "Ozel, Suha"]
[Black "Coban, Suleyman"]
[Result "1/2-1/2"]
[ECO "A38"]
[WhiteElo "1391"]
[BlackElo "1676"]
[Annotator "NA RC"]
[PlyCount "81"]
[EventDate "2017.??.??"]
[EventType "swiss"]
[EventCountry "TUR"]
[SourceTitle "playchess.com"]
[Source "ChessBase"]
[SourceQuality "1"]
[TimeControl "5400+30"]

1. Nf3 c5 2. g3 Nf6 3. Bg2 g6 4. O-O Bg7 5. d3 O-O 6. c4 Nc6 7. Nc3 d6 8. Bd2 a6 9. Qc1 Re8 10. Rb1 Rb8 11. Ne1 Bd7 12. e4 b5 13. Bg5 Nd4 14. Nf3 Nxf3+ 15. Bxf3 b4 16. Nd5 Nxd5 17. exd5 Bf5 18. Be4 Bxe4 19. dxe4 Qd7 20. Kg2 a5 21. Be3 a4 22. Qd1 Ra8 23. f4 e6 24. e5 dxe5 25. fxe5 exd5 26. Bxc5 Rxe5 27. Bxb4 d4 28. Qf3 Rae8 29. Rbe1 Rf5 30. Rxe8+ Qxe8 31. Re1 Qb8 32. Qa3 Qa8+ 33. Kg1 Bh6 34. Bd6 Be3+ 35. Rxe3 dxe3 36. Qxe3 Rf6 37. Qd4 Qf3 38. Bf4 Re6 39. Qd8+ Kg7 40. Qd4+ Kg8 41. Qd8+ 1/2-1/2

[Event "Istanbul Open 2017"]
[Site "Istanbul"]
[Date "2017.09.12"]
[Round "2"]
[White "Guseynov, Alihan"]
[Black "Sayin, Hakki"]
[Result "1-0"]
[ECO "D36"]
[WhiteElo "2333"]
[BlackElo "2014"]
[Annotator "RC"]
[PlyCount "91"]
[EventDate "2017.??.??"]
[EventType "swiss"]
[EventCountry "TUR"]
[SourceTitle "playchess.com"]
[Source "ChessBase"]
[SourceQuality "1"]
[TimeControl "5400+30"]

1. d4 d5 2. c4 e6 3. Nc3 Nf6 4. Bg5 Nbd7 5. cxd5 exd5 6. e3 c6 7. Bd3 Be7 8. Qc2 O-O 9. Nge2 Re8 10. O-O Ne4 11. Bxe4 dxe4 12. Bf4 Nf6 13. Nxe4 Nd5 14. Bg3 Nb4 15. Qd2 Bf8 16. N4c3 Bf5 17. f3 Qg5 18. Bf4 Qg6 19. e4 Be6 20. a3 Na6 21. Qc2 Rad8 22. Bg3 Qh6 23. Rad1 Bd6 24. Qc1 Qxc1 25. Nxc1 Bxg3 26. hxg3 Nc7 27. g4 Kf8 28. Kf2 Bc4 29. Rh1 h6 30. Ke3 Nd5+ 31. Nxd5 cxd5 32. e5 Rc8 33. Kd2 Rc6 34. b3 Ba6 35. Na2 Rd8 36. Nb4 Rb6 37. Rc1 Bb5 38. Rc5 Bc6 39. Rhc1 Ke7 40. R1c3 Ke6 41. Nxc6 Rxc6 42. Rxc6+ bxc6 43. Rxc6+ Ke7 44. Rc7+ Rd7 45. Rxd7+ Kxd7 46. f4 1-0

[Event "Istanbul Open 2017"]
[Site "Istanbul"]
[Date "2017.09.12"]
[Round "2"]
[White "Elmas, Mustafa"]
[Black "Odabasi, Nail"]
[Result "1-0"]
[ECO "B02"]
[WhiteElo "1736"]
[BlackElo "1468"]
[Annotator "NA RC"]
[PlyCount "105"]
[EventDate "2017.??.??"]
[EventType "swiss"]
[EventCountry "TUR"]
[SourceTitle "playchess.com"]
[Source "ChessBase"]
[SourceQuality "1"]
[TimeControl "5400+30"]

1. e4 d5 2. exd5 Nf6 3. d4 Nxd5 4. Nc3 Bf5 5. Bd3 Nxc3 6. bxc3 Qd7 7. Nf3 Nc6 8. Bxf5 Qxf5 9. O-O e6 10. c4 Be7 11. Rb1 b6 12. Rb5 Qg6 13. d5 Rd8 14. Qe2 a6 15. Rb3 exd5 16. cxd5 Rxd5 17. Ba3 O-O 18. Bxe7 Re8 19. Re3 Rd7 20. Ba3 Rxe3 21. Qxe3 Qe6 22. Qc3 h6 23. Re1 Qd5 24. Bb2 f6 25. Qb3 Na5 26. Qxd5+ Rxd5 27. Kf1 Nc4 28. Bc1 Ra5 29. a3 Kf7 30. Rd1 Nd6 31. Rd3 Rc5 32. Nd4 Nb5 33. Nxb5 Rxb5 34. Ke2 Rc5 35. c3 b5 36. Be3 Rc4 37. Bd2 g5 38. Rd4 Rc6 39. a4 Re6+ 40. Kd3 c5 41. Rd7+ Ke8 42. Rd5 c4+ 43. Kd4 Re2 44. Be3 Rb2 45. axb5 axb5 46. Kc5 Ke7 47. Bd4 Ke6 48. Rd6+ Kf5 49. Rxf6+ Ke4 50. Rb6 Kd3 51. Rxb5 Rb3 52. Rxb3 cxb3 53. c4 1-0

[Event "Istanbul Open 2017"]
[Site "Istanbul"]
[Date "2017.09.12"]
[Round "2"]
[White "Alashtar, Yousef"]
[Black "Kilic, Eray"]
[Result "0-1"]
[ECO "A00"]
[WhiteElo "1630"]
[BlackElo "1727"]
[Annotator "NA RC"]
[PlyCount "62"]
[EventDate "2017.??.??"]
[EventType "swiss"]
[EventCountry "TUR"]
[SourceTitle "playchess.com"]
[Source "ChessBase"]
[SourceQuality "1"]
[TimeControl "5400+30"]

1. g4 d5 2. Bg2 e5 3. c4 Bd6 4. Bxd5 Ne7 5. Qb3 Nxd5 6. cxd5 O-O 7. d3 c6 8. Nc3 cxd5 9. Qxd5 Nc6 10. Nf3 Be6 11. Qe4 Be7 12. h4 Nd4 13. Ng5 f5 14. Qxe5 Bf6 15. Nxe6 Bxe5 16. Nxd8 Raxd8 17. f4 Bb8 18. O-O fxg4 19. Ne4 Nxe2+ 20. Kf2 Nxc1 21. Raxc1 Rxd3 22. Ke2 Rd4 23. Ke3 Rb4 24. b3 b5 25. Rcd1 a6 26. a3 Rxb3+ 27. Rd3 Bxf4+ 28. Ke2 Rb2+ 29. Ke1 g3 30. Rxf4 Rxf4 31. Nxg3 Rxh4 0-1

[Event "Istanbul Open 2017"]
[Site "Istanbul"]
[Date "2017.09.12"]
[Round "2"]
[White "Hagverdiyev, Gahraman"]
[Black "Bacak, Altug"]
[Result "1-0"]
[ECO "E12"]
[WhiteElo "1624"]
[BlackElo "1711"]
[Annotator "NA RC"]
[PlyCount "79"]
[EventDate "2017.??.??"]
[EventType "swiss"]
[EventCountry "TUR"]
[SourceTitle "playchess.com"]
[Source "ChessBase"]
[SourceQuality "1"]
[TimeControl "5400+30"]

1. d4 Nf6 2. c4 e6 3. Nf3 b6 4. a3 c5 5. d5 exd5 6. cxd5 d6 7. Nc3 Ba6 8. g3 Be7 9. Bg2 O-O 10. O-O Nbd7 11. Re1 Re8 12. e4 Ng4 13. h3 Nge5 14. Nxe5 Nxe5 15. f4 Nd3 16. Bf1 c4 17. Bxd3 cxd3 18. Qa4 Qc8 19. Be3 Bf6 20. Rac1 Qxh3 21. Qxa6 Qxg3+ 22. Kf1 Qf3+ 23. Kg1 d2 24. Bxd2 Bd4+ 25. Kh2 Qf2+ 26. Kh3 Re5 27. Qe2 Qxe2 28. Rxe2 Rh5+ 29. Kg4 g6 30. Nb5 f5+ 31. exf5 Bf6 32. fxg6 hxg6 33. Re6 Rf8 34. Bc3 Bxc3 35. Nxc3 Rhf5 36. Rf1 Kg7 37. Rxd6 R8f7 38. Ne4 Re7 39. Ng5 Kh6 40. Rh1+ 1-0

[Event "Istanbul Open 2017"]
[Site "Istanbul"]
[Date "2017.09.12"]
[Round "2"]
[White "Akyuz, Muhammet"]
[Black "Satici, Aydin"]
[Result "0-1"]
[ECO "E10"]
[WhiteElo "1509"]
[BlackElo "1726"]
[Annotator "NA RC"]
[PlyCount "28"]
[EventDate "2017.??.??"]
[EventType "swiss"]
[EventCountry "TUR"]
[SourceTitle "playchess.com"]
[Source "ChessBase"]
[SourceQuality "1"]
[TimeControl "5400+30"]

1. Nf3 Nc6 2. d4 Nf6 3. c4 e6 4. e3 Bb4+ 5. Nbd2 d5 6. Bd3 O-O 7. h4 e5 8. dxe5 Ng4 9. a3 Be7 10. Nb1 dxc4 11. Bxc4 Qxd1+ 12. Kxd1 Nxf2+ 13. Ke2 Nxh1 14. Nc3 Bg4 0-1

[Event "Istanbul Open 2017"]
[Site "Istanbul"]
[Date "2017.09.12"]
[Round "2"]
[White "Gulceken, Sumeyye"]
[Black "Gencer, Aybars"]
[Result "0-1"]
[ECO "A41"]
[WhiteElo "1491"]
[BlackElo "1710"]
[Annotator "NA RC"]
[PlyCount "86"]
[EventDate "2017.??.??"]
[EventType "swiss"]
[EventCountry "TUR"]
[SourceTitle "playchess.com"]
[Source "ChessBase"]
[SourceQuality "1"]
[TimeControl "5400+30"]

1. d4 g6 2. c4 Bg7 3. Nc3 d6 4. Nf3 Nd7 5. e3 c5 6. d5 Ngf6 7. Bd3 O-O 8. a4 Ng4 9. Bd2 Nge5 10. Be2 Nxf3+ 11. Bxf3 Ne5 12. Be2 e6 13. f4 Nd7 14. O-O exd5 15. cxd5 a6 16. Qc2 b6 17. Rae1 f5 18. Bf3 Nf6 19. e4 fxe4 20. Nxe4 b5 21. Ng5 Bf5 22. Qd1 b4 23. Ne6 Bxe6 24. dxe6 Ra7 25. Qe2 Qe7 26. b3 Kh8 27. g4 Ng8 28. Bc6 Qc7 29. Bd7 Ne7 30. Qd3 Raa8 31. f5 gxf5 32. gxf5 Bf6 33. Qe4 d5 34. Qe2 c4 35. Bf4 Qc5+ 36. Kh1 c3 37. Be5 d4 38. Bxf6+ Rxf6 39. Qe5 Qxe5 40. Rxe5 d3 41. Re3 d2 42. Rd3 Rxf5 43. Rxf5 Nxf5 0-1

[Event "Istanbul Open 2017"]
[Site "Istanbul"]
[Date "2017.09.12"]
[Round "3"]
[White "Kilic, Eray"]
[Black "Hajiyev, Ulvu"]
[Result "1-0"]
[ECO "B00"]
[WhiteElo "1727"]
[BlackElo "1658"]
[Annotator "NA RC"]
[PlyCount "117"]
[EventDate "2017.??.??"]
[EventType "swiss"]
[EventCountry "TUR"]
[SourceTitle "playchess.com"]
[Source "ChessBase"]
[SourceQuality "1"]
[TimeControl "5400+30"]

1. e4 Nc6 2. Nf3 d6 3. d4 Bg4 4. Be2 e5 5. d5 Bxf3 6. Bxf3 Nce7 7. Nc3 g6 8. Qd3 a6 9. g4 Qd7 10. Be3 O-O-O 11. O-O-O f5 12. gxf5 gxf5 13. Rhg1 Nf6 14. Bg5 Neg8 15. exf5 Re8 16. Ne4 Be7 17. Bxf6 Nxf6 18. Rg7 Qd8 19. Qe3 Kb8 20. Kb1 Reg8 21. Rg3 Nxe4 22. Qxe4 Bg5 23. Bh5 Bf4 24. Rb3 Qf6 25. Be2 Ka7 26. Qb4 Rb8 27. Qa5 Qd8 28. Qa4 Rg8 29. Ra3 Qc8 30. Bb5 Rg7 31. h4 Ra8 32. Bd3 Rg2 33. Bb5 Rg7 34. f6 Rf7 35. Rb3 Rb8 36. h5 Qg4 37. f3 Qc8 38. Ra3 Ra8 39. Qa5 Rxf6 40. Rc3 Rf7 41. a3 Qd8 42. Qa4 Kb8 43. Bc6 bxc6 44. Qb3+ Ka7 45. dxc6 Rb8 46. Qxf7 h6 47. Qd7 Qxd7 48. cxd7 Rd8 49. Rxc7+ Kb6 50. Rc8 Rxd7 51. c4 Kb7 52. Rf8 Bg5 53. c5 d5 54. Rf5 Bf4 55. Rf6 Kc7 56. Rxa6 d4 57. Ra7+ Kc8 58. Rxd7 Kxd7 59. Kc2 1-0

[Event "Istanbul Open 2017"]
[Site "Istanbul"]
[Date "2017.09.12"]
[Round "3"]
[White "Satici, Aydin"]
[Black "Kabadayi, Suleyman Arda"]
[Result "0-1"]
[ECO "A29"]
[WhiteElo "1726"]
[BlackElo "1579"]
[Annotator "NA RC"]
[PlyCount "108"]
[EventDate "2017.??.??"]
[EventType "swiss"]
[EventCountry "TUR"]
[SourceTitle "playchess.com"]
[Source "ChessBase"]
[SourceQuality "1"]
[TimeControl "5400+30"]

1. c4 e5 2. g3 Nf6 3. Bg2 d5 4. cxd5 Nxd5 5. Nc3 Nb6 6. Nf3 Nc6 7. O-O Be7 8. a3 O-O 9. b4 a6 10. d3 Re8 11. Bb2 Bf8 12. Rc1 Bg4 13. Ne4 Qd7 14. Nc5 Bxc5 15. Rxc5 f6 16. Qb3+ Be6 17. Qc2 Bd5 18. e4 Bf7 19. Rd1 Rac8 20. d4 Red8 21. d5 Ne7 22. Rc3 Bg6 23. Re3 Qd6 24. Nh4 Be8 25. Rc1 c6 26. Bh3 Bd7 27. Bxd7 Rxd7 28. dxc6 Rxc6 29. Qb3+ Kf8 30. Ree1 Qd3 31. Qxd3 Rxd3 32. Rxc6 Nxc6 33. Re3 Rxe3 34. fxe3 Nc4 35. Bc1 a5 36. b5 Na7 37. a4 Nc8 38. Nf3 N8b6 39. Nd2 Nxe3 40. Nb3 Nec4 41. Nc5 Ke7 42. Kf2 Nd6 43. Bd2 Nbc4 44. Be1 b6 45. Nb3 Nxe4+ 46. Kf3 Ned6 47. Bf2 e4+ 48. Ke2 e3 49. Bxe3 Nxe3 50. Kxe3 Nc4+ 51. Kd4 Nb2 52. Kd5 Kd7 53. Nd2 Nxa4 54. Nc4 Nc3+ 0-1

[Event "Istanbul Open 2017"]
[Site "Istanbul"]
[Date "2017.09.12"]
[Round "3"]
[White "Gencer, Aybars"]
[Black "Sulak, Yusuf"]
[Result "0-1"]
[ECO "D32"]
[WhiteElo "1710"]
[BlackElo "1636"]
[Annotator "NA RC"]
[PlyCount "43"]
[EventDate "2017.??.??"]
[EventType "swiss"]
[EventCountry "TUR"]
[SourceTitle "playchess.com"]
[Source "ChessBase"]
[SourceQuality "1"]
[TimeControl "5400+30"]

1. d4 d5 2. Nf3 Nf6 3. c4 e6 4. Nc3 c5 5. cxd5 exd5 6. Bg5 Be6 7. e3 Nbd7 8. dxc5 Bxc5 9. Nd4 Qb6 10. Qd2 Ne4 11. Nxe4 dxe4 12. a3 Bxd4 13. Qxd4 Qa5+ 14. Qb4 Qxg5 15. Qxb7 O-O 16. Qxe4 Nc5 17. Qc2 Nb3 18. Rd1 Rac8 19. Qb1 Qa5+ 20. Ke2 Bc4+ 21. Kf3 Nd2+ 22. Kf4 0-1

[Event "Istanbul Open 2017"]
[Site "Istanbul"]
[Date "2017.09.12"]
[Round "3"]
[White "Aslan, Dogukan"]
[Black "Portakalci, Yusuf"]
[Result "1-0"]
[ECO "E17"]
[WhiteElo "1605"]
[BlackElo "1671"]
[Annotator "NA RC"]
[PlyCount "111"]
[EventDate "2017.??.??"]
[EventType "swiss"]
[EventCountry "TUR"]
[SourceTitle "playchess.com"]
[Source "ChessBase"]
[SourceQuality "1"]
[TimeControl "5400+30"]

1. Nf3 Nf6 2. c4 e6 3. g3 b6 4. Bg2 Bb7 5. O-O Be7 6. d4 d6 7. Nbd2 O-O 8. b3 Ne4 9. Bb2 Nxd2 10. Qxd2 Nd7 11. Rfd1 Re8 12. Qc2 Bf6 13. e4 e5 14. dxe5 dxe5 15. c5 bxc5 16. Bh3 Bc6 17. Bxd7 Bxd7 18. Qxc5 Be7 19. Qd5 Bd6 20. Nxe5 Bxe5 21. Bxe5 Bg4 22. Qxd8 Raxd8 23. Rxd8 Rxd8 24. Bxc7 Rd2 25. Bf4 Re2 26. Be3 a6 27. Kg2 f6 28. h3 Be6 29. g4 a5 30. Kf3 Rc2 31. Bb6 a4 32. bxa4 Rxa2 33. Rxa2 Bxa2 34. Ke3 Bc4 35. Kd4 Bf1 36. h4 Kf7 37. a5 Kg6 38. f4 h6 39. Bc7 Be2 40. Ke3 Bb5 41. Kd4 Be2 42. Kc5 Kf7 43. Kb6 Bxg4 44. a6 Bf3 45. e5 fxe5 46. Bxe5 Kg6 47. Kc7 Kf7 48. a7 g6 49. Kb8 Ke6 50. Bg7 g5 51. fxg5 hxg5 52. hxg5 Kf5 53. Bf6 Kg6 54. a8=Q Bxa8 55. Kxa8 Kf5 56. Kb7 1-0

[Event "Istanbul Open 2017"]
[Site "Istanbul"]
[Date "2017.09.12"]
[Round "3"]
[White "Gultekin, Celal"]
[Black "Elmas, Mustafa"]
[Result "1-0"]
[ECO "D47"]
[WhiteElo "1560"]
[BlackElo "1736"]
[Annotator "NA RC"]
[PlyCount "83"]
[EventDate "2017.??.??"]
[EventType "swiss"]
[EventCountry "TUR"]
[SourceTitle "playchess.com"]
[Source "ChessBase"]
[SourceQuality "1"]
[TimeControl "5400+30"]

1. Nf3 d5 2. c4 c6 3. d4 e6 4. Nc3 Nf6 5. e3 Nbd7 6. Bd3 dxc4 7. Bxc4 b5 8. Bd3 Be7 9. O-O Bb7 10. e4 b4 11. e5 bxc3 12. exf6 Bxf6 13. bxc3 O-O 14. Ba3 Re8 15. Bxh7+ Kxh7 16. Qb1+ Kg8 17. Qxb7 Rc8 18. Bd6 c5 19. Ne5 Nxe5 20. dxe5 Be7 21. Rfd1 Qb6 22. Rab1 Qxb7 23. Rxb7 Bf8 24. Rxa7 Ra8 25. Rc7 Rxa2 26. Rxc5 Rea8 27. g3 Rd8 28. Rc4 Rc2 29. Rd3 g6 30. Rcd4 Rc8 31. Bxf8 Kxf8 32. Rd8+ Rxd8 33. Rxd8+ Ke7 34. Rc8 Kd7 35. Rc5 Ke7 36. Kg2 Kd7 37. h4 Ke7 38. Kf3 f6 39. Rc7+ Kd8 40. exf6 Kxc7 41. f7 Rxc3+ 42. Kg2 1-0

[Event "Istanbul Open 2017"]
[Site "Istanbul"]
[Date "2017.09.13"]
[Round "4"]
[White "Kocyigit, Buse Naz"]
[Black "Zeydan, Salih"]
[Result "1/2-1/2"]
[ECO "D05"]
[WhiteElo "1863"]
[BlackElo "2057"]
[Annotator "NA RC"]
[PlyCount "140"]
[EventDate "2017.??.??"]
[EventType "swiss"]
[EventCountry "TUR"]
[SourceTitle "playchess.com"]
[Source "ChessBase"]
[SourceQuality "1"]
[TimeControl "5400+30"]

1. d4 c5 2. e3 Nf6 3. Nf3 e6 4. Bd3 d5 5. c3 Nc6 6. Nbd2 Bd6 7. O-O O-O 8. dxc5 {[%emt 0:03:30] LiveBook: 188 Games} Bxc5 9. e4 Qc7 10. exd5 Nxd5 {[%emt 0:04:30] D05: Damenbauernspiele (Colle-Aufbau)} 11. Qc2 (11. Nb3 Be7 12. Nbd4 Nxd4 13. Nxd4 Rd8 14. Qe2 g6 15. Rd1 Nf4 16. Bxf4 Qxf4 17. g3 Qc7 18. Be4 {0-1 (47) Mansour,S (2249)-Karjakin,S (2786) Tromsoe 2014}) 11... h6 12. Re1 Rd8 13. a3 $146 ({Vorgänger:} 13. Ne4 Bb6 14. a4 a6 15. Bd2 e5 16. Ng3 {0-1 (23) Szczygiel,M (1711)-Slabicki,A (2019) Wroclaw 2007}) 13... b6 14. Bf1 Bb7 15. b4 Bd6 16. c4 Nf6 17. Bb2 Ng4 18. g3 Be5 (18... a5 $5 19. Bh3 Nce5 20. Nxe5 Nxe5 $17) 19. Bg2 Nd4 20. Nxd4 Bxd4 21. Bxd4 Rxd4 22. Bxb7 Qxb7 23. Nb3 Rd7 24. c5 Rc7 25. Rac1 bxc5 26. Nxc5 Qf3 27. Qe2 Qf5 28. Qc2 (28. Ne4 $5 Rd7 29. Rc5 $11) 28... Qh5 29. f4 a5 30. Qb2 axb4 31. Nxe6 Rc3 32. axb4 Rac8 33. Nc5 $2 (33. Rxc3 $18 Rxc3 34. Nxg7) 33... R8xc5 34. bxc5 Qxc5+ 35. Kh1 Qd5+ 36. Qg2 Qd4 $2 (36... Nf2+ $1 $11 {and Black is okay.} 37. Kg1 Nh3+ 38. Kh1 Nf2+ 39. Kg1 Nh3+ 40. Kh1 Nf2+) 37. Rxc3 Nf2+ {[%emt 0:00:30] [#]} 38. Qxf2 $2 (38. Kg1 $1 $18 Nd3+ 39. Kf1 Qxc3 40. Re8+ Kh7 41. Qe4+ g6 42. f5 gxf5 43. Qxf5+ Kg7 44. Qg4+ Kf6 45. Qf3+ Kg7 46. Qg4+ Kf6 47. Kg2) 38... Qxf2 39. Rce3 h5 40. R3e2 Qf3+ 41. Kg1 h4 42. Re3 Qg4 43. Kg2 Qf5 44. R3e2 (44. Re5 $5 Qd7 45. Re7 Qc6+ 46. Kh3 $14) 44... g6 45. Re5 Qc2+ 46. R5e2 Qc6+ 47. Kg1 Kg7 48. Re3 Qc5 49. Kh1 Qd5+ 50. Kg1 Qd4 51. Kh1 Kh6 52. Re4 Qc3 53. R4e3 Qc6+ 54. Kg1 hxg3 55. hxg3 Kh5 56. Kf2 Kg4 57. R1e2 Qh1 58. Re1 Qh2+ 59. Kf1 Kh3 60. R1e2 Qh1+ 61. Kf2 f6 62. Rf3 Qg2+ 63. Ke3 Qg1+ 64. Kd2 Qd4+ 65. Rd3 Qb2+ 66. Kd1 Qb1+ 67. Kd2 Qb4+ 68. Kd1 Kg4 69. Kc2 $11 Qc4+ 70. Kd2 Qb4+ 1/2-1/2

[Event "Istanbul Open 2017"]
[Site "Istanbul"]
[Date "2017.09.13"]
[Round "4"]
[White "Aydogdu, Cagatay"]
[Black "Eren, Ataberk"]
[Result "0-1"]
[ECO "C01"]
[WhiteElo "1756"]
[BlackElo "2064"]
[Annotator "NA RC"]
[PlyCount "100"]
[EventDate "2017.??.??"]
[EventType "swiss"]
[EventCountry "TUR"]
[SourceTitle "playchess.com"]
[Source "ChessBase"]
[SourceQuality "1"]
[TimeControl "5400+30"]

1. e4 e6 2. d4 d5 3. exd5 exd5 4. Bd3 Nc6 5. c3 Bd6 6. Nf3 Nge7 7. Bg5 f6 8. Bh4 {[%emt 0:00:30] C01: Französische Verteidigung (Abtauschvariante)} Bg4 (8... Bf5 9. Bg3 Bxg3 10. hxg3 Qd7 11. Nh4 Bxd3 12. Qxd3 Qe6+ 13. Qe2 Qxe2+ 14. Kxe2 Kf7 15. Nd2 h5 {0-1 (29) Robin,S (2347)-Buhmann,R (2565) France 2009}) 9. Nbd2 Qd7 10. Bg3 O-O-O 11. Qc2 Qe6+ 12. Kf1 h5 13. Re1 Qd7 14. Nh4 $146 ({Lieber Vorgänger:} 14. Bxd6 $11 cxd6 (14... Qxd6 15. h3 Bd7 {0-1 (48) Zubac,M (1991)-Dicu,R (2236) Arad 2016}) 15. h4) 14... g5 15. Bxd6 cxd6 16. Ng6 Rhe8 17. f3 Bf5 18. Nxe7+ Nxe7 19. Kf2 Bxd3 20. Qxd3 f5 21. Re2 (21. f4 $5 ) 21... Ng6 22. g3 Rxe2+ 23. Qxe2 Re8 24. Qd3 (24. Qd1 $1 $15) 24... Qe6 25. Nb1 (25. Rc1 $142 f4 26. Kg1) 25... f4 26. Na3 g4 27. Nc2 Rf8 28. Re1 fxg3+ 29. hxg3 Qf6 30. Nb4 $2 (30. f4 $17 {ist eine bessere Chance.}) 30... h4 31. Nxd5 (31. f4 $142 hxg3+ 32. Qxg3 Nxf4 33. Qxg4+ Kb8 34. Ke3) 31... Qxf3+ $2 (31... hxg3+ 32. Ke3 Qg5+ 33. f4 Nxf4 34. Qc4+ Kb8 35. Qc7+ Ka8 36. Nxf4 Qxf4+ 37. Kd3 g2) 32. Qxf3 Rxf3+ 33. Kg2 Rxg3+ 34. Kh2 Rh3+ (34... Rf3 $19 35. Re6 Nf4 36. Nxf4 Rxf4) 35. Kg2 $2 (35. Kg1 $1 $15) 35... Rf3 36. Re8+ Kd7 37. Rg8 h3+ 38. Kg1 g3 39. Rxg6 h2+ 40. Kg2 Rf2+ 41. Kxg3 h1=Q 42. Rg7+ {[%emt 0:00:30] [#]} Rf7 $1 43. Rxf7+ Ke6 44. Rxb7 $19 Kxd5 45. Rxa7 Qe1+ 46. Kf4 Qf2+ 47. Kg5 Qxb2 48. Ra5+ Ke4 49. Rf5 Qxa2 50. d5 Qd2+ 0-1